TOP OF THE 1ST |
Kennewick Bear Cubs batting - Pitching for Modesto Nuts : RHP Kevin Price
|
Pitching: RHP Kevin Price
|
|
Batting: RHB Matthew Sferrazza
|
0-0: Ball 1-0: Ball 2-0: Called Strike 2-1: Ground out U3 (Groundball, 13, EV 91.3 MPH)
|
Batting: SHB Eriberto Them
|
0-0: Called Strike 0-1: Ball 1-1: Ball 2-1: Ball 3-1: Fly out, F7 (Flyball, 7S, EV 86.9 MPH)
|
Batting: RHB Jonathan Black
|
0-0: Fly out, F3 (Flyball, 3D, EV 85.0 MPH)
|
Top of the 1st over - 0 runs, 0 hits, 0 errors, 0 left on base; Kennewick 0 - Modesto 0 |
BOTTOM OF THE 1ST |
Modesto Nuts batting - Pitching for Kennewick Bear Cubs : LHP Ramon Mascorro
|
Pitching: LHP Ramon Mascorro
|
|
Batting: RHB Andre Lowe
|
0-0: Foul Ball, location: 2F 0-1: Ball 1-1: Ground out 6-3 (Groundball, 6, EV 105.6 MPH)
|
Batting: RHB Johnny Tutt
|
0-0: Called Strike 0-1: Fly out, F9 (Flyball, 89M, EV 76.3 MPH)
|
Batting: LHB Dave McLaughlin
|
0-0: Called Strike 0-1: SINGLE (Groundball, P, EV 86.3 MPH) (infield hit)
|
Batting: RHB Mike Miller
|
0-0: Called Strike 0-1: Ball 1-1: Ball 2-1: SINGLE (Groundball, 4M, EV 104.4 MPH) (infield hit) Dave McLaughlin to second
|
Batting: RHB James Cecchini
|
0-0: Ball 1-0: Foul Ball, location: 2F 1-1: Foul Ball, location: 2F 1-2: Ground out 6-3 (Groundball, 6M, EV 99.4 MPH)
|
Bottom of the 1st over - 0 runs, 2 hits, 0 errors, 2 left on base; Kennewick 0 - Modesto 0 |
TOP OF THE 2ND |
Kennewick Bear Cubs batting - Pitching for Modesto Nuts : RHP Kevin Price
|
Batting: RHB Ruben Machado
|
0-0: Ground out 5-3 (Groundball, 5, EV 79.4 MPH)
|
Batting: RHB Roger Jensen
|
0-0: Ball 1-0: Swinging Strike 1-1: Foul Ball, location: 2F 1-2: Strikes out swinging
|
Batting: LHB Shane Fairbanks
|
0-0: Foul Ball, location: 2F 0-1: Ball 1-1: Ball 2-1: Ball 3-1: Foul Ball, location: 2F 3-2: Foul Ball, location: 2F 3-2: Foul Ball, location: 2F 3-2: Base on Balls
|
Batting: LHB John Mizerock
|
0-0: Called Strike 0-1: Called Strike 0-2: Strikes out swinging
|
Top of the 2nd over - 0 runs, 0 hits, 0 errors, 1 left on base; Kennewick 0 - Modesto 0 |
BOTTOM OF THE 2ND |
Modesto Nuts batting - Pitching for Kennewick Bear Cubs : LHP Ramon Mascorro
|
Batting: LHB Nelson Burciaga
|
0-0: Ball 1-0: Foul Ball, location: 2F 1-1: Foul Ball, location: 2F 1-2: Fly out, F9 (Flyball, 89D, EV 93.1 MPH)
|
Batting: RHB Jeff Mace
|
0-0: Ball 1-0: Fly out, F8 (Flyball, 8LS, EV 81.3 MPH)
|
Batting: RHB Jesus Vila
|
0-0: Fly out, F8 (Flyball, 8LXD, EV 84.4 MPH)
|
Bottom of the 2nd over - 0 runs, 0 hits, 0 errors, 0 left on base; Kennewick 0 - Modesto 0 |
TOP OF THE 3RD |
Kennewick Bear Cubs batting - Pitching for Modesto Nuts : RHP Kevin Price
|
Batting: RHB Kenneth Whitfield
|
0-0: Ball 1-0: Foul Ball, location: 2F 1-1: Ball 2-1: Ground out 1-3 (Groundball, 34S, EV 65.6 MPH)
|
Batting: RHB William Nunez
|
0-0: Swinging Strike 0-1: Foul Ball, location: 2F 0-2: Ball 1-2: Ball 2-2: Strikes out swinging
|
Batting: RHB Matthew Sferrazza
|
0-0: Swinging Strike 0-1: Foul Ball, location: 2F 0-2: Ball 1-2: Strikes out looking
|
Top of the 3rd over - 0 runs, 0 hits, 0 errors, 0 left on base; Kennewick 0 - Modesto 0 |
BOTTOM OF THE 3RD |
Modesto Nuts batting - Pitching for Kennewick Bear Cubs : LHP Ramon Mascorro
|
Batting: RHB Carlos Leal
|
0-0: Called Strike 0-1: Ball 1-1: Ball 2-1: Ball 3-1: Fly out, F9 (Flyball, 9D, EV 94.4 MPH)
|
Batting: RHB Andre Lowe
|
0-0: Called Strike 0-1: Foul Ball, location: 2F 0-2: Ball 1-2: Strikes out swinging
|
Pitching: RHP Calvin Schiraldi
|
|
Batting: RHB Johnny Tutt
|
0-0: Called Strike 0-1: Ball 1-1: Called Strike 1-2: Ground out 6-3 (Groundball, 6, EV 85.0 MPH)
|
Bottom of the 3rd over - 0 runs, 0 hits, 0 errors, 0 left on base; Kennewick 0 - Modesto 0 |
TOP OF THE 4TH |
Kennewick Bear Cubs batting - Pitching for Modesto Nuts : RHP Kevin Price
|
Batting: SHB Eriberto Them
|
0-0: Fly out, F8 (Flyball, 8LM, EV 89.4 MPH)
|
Batting: RHB Jonathan Black
|
0-0: Called Strike 0-1: Ball 1-1: Fly out, F8 (Flyball, 8LXD, EV 108.1 MPH)
|
Batting: RHB Ruben Machado
|
0-0: Ground out 4-3 (Groundball, 4, EV 83.1 MPH)
|
Top of the 4th over - 0 runs, 0 hits, 0 errors, 0 left on base; Kennewick 0 - Modesto 0 |
BOTTOM OF THE 4TH |
Modesto Nuts batting - Pitching for Kennewick Bear Cubs : RHP Calvin Schiraldi
|
Batting: LHB Dave McLaughlin
|
0-0: Called Strike 0-1: Ground out 4-3 (Groundball, 34D, EV 102.5 MPH)
|
Batting: RHB Mike Miller
|
0-0: Called Strike 0-1: Ball 1-1: Foul Ball, location: 2F 1-2: Strikes out swinging
|
Batting: RHB James Cecchini
|
0-0: Ball 1-0: Called Strike 1-1: Swinging Strike 1-2: SINGLE (Groundball, 6MS, EV 90.6 MPH) (infield hit)
|
Batting: LHB Nelson Burciaga
|
0-0: Called Strike 0-1: Called Strike 0-2: Ball 1-2: Ball 2-2: Ball 3-2: Foul Ball, location: 2F 3-2: Base on Balls James Cecchini to second
|
Batting: RHB Jeff Mace
|
0-0: Called Strike 0-1: Foul Ball, location: 2F 0-2: Strikes out looking
|
Bottom of the 4th over - 0 runs, 1 hit, 0 errors, 2 left on base; Kennewick 0 - Modesto 0 |
TOP OF THE 5TH |
Kennewick Bear Cubs batting - Pitching for Modesto Nuts : RHP Kevin Price
|
Batting: RHB Roger Jensen
|
0-0: Ball 1-0: Called Strike 1-1: TRIPLE (Line Drive, 78XD, EV 108.1 MPH)
|
Batting: LHB Shane Fairbanks
|
0-0: Called Strike 0-1: Ball 1-1: Foul Ball, location: 2F 1-2: Ball 2-2: Ball 3-2: Ground out 4-3 (Groundball, 4S, EV 66.9 MPH) Roger Jensen scores
|
Batting: LHB John Mizerock
|
0-0: Fly out, F8 (Flyball, 8RD, EV 91.3 MPH)
|
Batting: RHB Kenneth Whitfield
|
0-0: Ball 1-0: Fly out, F9 (Flyball, 9, EV 90.6 MPH)
|
Top of the 5th over - 1 run, 1 hit, 0 errors, 0 left on base; Kennewick 1 - Modesto 0 |
BOTTOM OF THE 5TH |
Modesto Nuts batting - Pitching for Kennewick Bear Cubs : RHP Calvin Schiraldi
|
Batting: RHB Jesus Vila
|
0-0: Ball 1-0: Ball 2-0: Foul Ball, location: 2F 2-1: Ball 3-1: Foul Ball, location: 2F 3-2: Strikes out looking
|
Batting: RHB Carlos Leal
|
0-0: Fly out, F3 (Line Drive, 3, EV 68.1 MPH)
|
Batting: RHB Andre Lowe
|
0-0: Called Strike 0-1: Ball 1-1: Ball 2-1: Foul Ball, location: 2F 2-2: Fly out, F7 (Flyball, 78M, EV 90.0 MPH)
|
Bottom of the 5th over - 0 runs, 0 hits, 0 errors, 0 left on base; Kennewick 1 - Modesto 0 |
TOP OF THE 6TH |
Kennewick Bear Cubs batting - Pitching for Modesto Nuts : RHP Kevin Price
|
Batting: RHB William Nunez
|
0-0: Called Strike 0-1: Fly out, F8 (Flyball, 8LS, EV 88.1 MPH)
|
Batting: RHB Matthew Sferrazza
|
0-0: Foul Ball, location: 2F 0-1: Ball 1-1: Ball 2-1: Foul Ball, location: 2F 2-2: Foul Ball, location: 2F 2-2: Foul Ball, location: 2F 2-2: Ball 3-2: Fly out, F8 (Flyball, 8RM, EV 82.5 MPH)
|
Batting: SHB Eriberto Them
|
0-0: Ball 1-0: Called Strike 1-1: Swinging Strike 1-2: SINGLE (Flyball, 5D, EV 91.3 MPH)
|
Batting: RHB Jonathan Black
|
0-0: Ball 1-0: Ball 2-0: Ball 3-0: Called Strike 3-1: Base on Balls Eriberto Them to second
|
Batting: RHB Ruben Machado
|
0-0: Ball 1-0: Foul Ball, location: 2F 1-1: Fly out, F7 (Flyball, 78D, EV 97.5 MPH)
|
Top of the 6th over - 0 runs, 1 hit, 0 errors, 2 left on base; Kennewick 1 - Modesto 0 |
BOTTOM OF THE 6TH |
Modesto Nuts batting - Pitching for Kennewick Bear Cubs : RHP Calvin Schiraldi
|
Batting: RHB Johnny Tutt
|
0-0: Ground out 5-3 (Groundball, 56S, EV 70.0 MPH)
|
Batting: LHB Dave McLaughlin
|
0-0: Ball 1-0: Ball 2-0: Ball 3-0: Base on Balls
|
Batting: RHB Mike Miller
|
0-0: Ball 1-0: Ball 2-0: Foul Ball, location: 2F 2-1: Ball 3-1: Grounds into double play, 6-4-3 (Groundball, 6, EV 84.4 MPH)
|
Bottom of the 6th over - 0 runs, 0 hits, 0 errors, 0 left on base; Kennewick 1 - Modesto 0 |
TOP OF THE 7TH |
Kennewick Bear Cubs batting - Pitching for Modesto Nuts : RHP Kevin Price
|
Batting: RHB Roger Jensen
|
0-0: Foul Ball, location: 2F 0-1: Ball 1-1: Ball 2-1: Ball 3-1: Base on Balls
|
Batting: LHB Shane Fairbanks
|
0-0: Ball 1-0: Called Strike 1-1: Ball 2-1: Fly out, F9 (Flyball, 89S, EV 70.6 MPH)
|
Batting: LHB John Mizerock
|
0-0: Ball 1-0: Called Strike 1-1: Foul Ball, location: 2F 1-2: Ball 2-2: Strikes out swinging
|
Batting: RHB Kenneth Whitfield
|
0-0: Ball 1-0: Ball 2-0: Ball Wild Pitch! Roger Jensen to second 3-0: Called Strike 3-1: Ground out 4-3 (Groundball, 4, EV 86.9 MPH)
|
Top of the 7th over - 0 runs, 0 hits, 0 errors, 1 left on base; Kennewick 1 - Modesto 0 |
BOTTOM OF THE 7TH |
Modesto Nuts batting - Pitching for Kennewick Bear Cubs : RHP Calvin Schiraldi
|
Batting: RHB James Cecchini
|
0-0: Fly out, F7 (Flyball, 7D, EV 88.1 MPH)
|
Batting: LHB Nelson Burciaga
|
0-0: Swinging Strike 0-1: Swinging Strike 0-2: Ball 1-2: Foul Ball, location: 2F 1-2: Strikes out swinging
|
Batting: RHB Jeff Mace
|
0-0: Fly out, F4 (Popup, 4, EV 75.6 MPH)
|
Bottom of the 7th over - 0 runs, 0 hits, 0 errors, 0 left on base; Kennewick 1 - Modesto 0 |
TOP OF THE 8TH |
Kennewick Bear Cubs batting - Pitching for Modesto Nuts : RHP Kevin Price
|
Pitching: RHP Kyle Hartshorn
|
|
Batting: RHB William Nunez
|
0-0: Ball 1-0: Called Strike 1-1: Ball 2-1: Fly out, F9 (Flyball, 89M, EV 90.6 MPH)
|
Batting: RHB Matthew Sferrazza
|
0-0: Ball 1-0: Called Strike 1-1: Ball 2-1: Foul Ball, location: 2F 2-2: Ball 3-2: Strikes out swinging
|
Batting: SHB Eriberto Them
|
0-0: Called Strike 0-1: Ball 1-1: Ball 2-1: Ball 3-1: Base on Balls
|
Batting: RHB Jonathan Black
|
0-0: Foul Ball, location: 2F 0-1: Ball 1-1: Ball 2-1: Called Strike 2-2: 2-RUN HOME RUN (Flyball, 7D, EV 97.5 MPH), Distance : 382 ft
|
Batting: RHB Ruben Machado
|
0-0: Ball 1-0: Ball 2-0: Foul Ball, location: 2F 2-1: Called Strike 2-2: Ball 3-2: Base on Balls
|
Batting: RHB Roger Jensen
|
0-0: Ball 1-0: Ball 2-0: Called Strike 2-1: Ball 3-1: Base on Balls Ruben Machado to second
|
Batting: LHB Shane Fairbanks
|
0-0: Called Strike 0-1: Single, Error in OF, E8, batter to second base (Line Drive, 89S, EV 96.3 MPH) Ruben Machado scores Roger Jensen to third
|
Pitching: RHP Jon Mathews
|
|
Batting: LHB John Mizerock
|
0-0: Ball 1-0: Ground out 4-3 (Groundball, 4S, EV 64.4 MPH)
|
Top of the 8th over - 3 runs, 2 hits, 1 error, 2 left on base; Kennewick 4 - Modesto 0 |
BOTTOM OF THE 8TH |
Modesto Nuts batting - Pitching for Kennewick Bear Cubs : RHP Calvin Schiraldi
|
Batting: RHB Jesus Vila
|
0-0: Ball 1-0: Fly out, F9 (Flyball, 89M, EV 86.9 MPH)
|
Batting: RHB Carlos Leal
|
0-0: Foul Ball, location: 2F 0-1: Ball 1-1: Called Strike 1-2: Strikes out swinging
|
Batting: RHB Andre Lowe
|
0-0: Foul Ball, location: 2F 0-1: Foul Ball, location: 2F 0-2: Ball 1-2: Ground out 6-3 (Groundball, 6, EV 97.5 MPH)
|
Bottom of the 8th over - 0 runs, 0 hits, 0 errors, 0 left on base; Kennewick 4 - Modesto 0 |
TOP OF THE 9TH |
Kennewick Bear Cubs batting - Pitching for Modesto Nuts : RHP Jon Mathews
|
Batting: RHB Kenneth Whitfield
|
0-0: Ball 1-0: Ball 2-0: Fly out, F4 (Popup, 3S, EV 77.5 MPH)
|
Batting: RHB William Nunez
|
0-0: Fly out, F9 (Flyball, 89D, EV 95.0 MPH)
|
Batting: RHB Matthew Sferrazza
|
0-0: SINGLE (Line Drive, 7S, EV 87.5 MPH)
|
Batting: SHB Eriberto Them
|
0-0: Called Strike 0-1: Ball Matthew Sferrazza is caught stealing 2nd base 2-6
|
Top of the 9th over - 0 runs, 1 hit, 0 errors, 0 left on base; Kennewick 4 - Modesto 0 |
BOTTOM OF THE 9TH |
Modesto Nuts batting - Pitching for Kennewick Bear Cubs : RHP Calvin Schiraldi
|
Pitching: LHP Dan Yokubaitis
|
|
Batting: RHB Johnny Tutt
|
0-0: Ball 1-0: Ball 2-0: Foul Ball, location: 2F 2-1: Foul Ball, location: 2F 2-2: Ground out 5-3 (Groundball, 15, EV 85.0 MPH)
|
Batting: LHB Dave McLaughlin
|
0-0: Ball 1-0: Ball 2-0: Ball 3-0: Called Strike 3-1: Fly out, F5 (Popup, 5, EV 63.8 MPH)
|
Batting: RHB Mike Miller
|
0-0: Foul Ball, location: 2F 0-1: Ball 1-1: Ball 2-1: Ground out 4-3 (Groundball, 4M, EV 103.8 MPH)
|
Bottom of the 9th over - 0 runs, 0 hits, 0 errors, 0 left on base; Kennewick 4 - Modesto 0 |
|